Map: Acid Plant LE

Players

Dutchkid

  • Race: Zerg Zerg
  • League: Diamond
  • Spawn Location: 5:00

ADG - Winner!

  • Race: Zerg Zerg
  • League: Diamond
  • Spawn Location: 11:00

VOD

Have the link to the VOD?

Description

Time

  • Played on: March 3, 2018, 6:48 a.m.
  • Length: 12:02
Show
View Real Time Build Order
Export as new Build Order

Dutchkid Zerg 

Build Orders: Hatch First, Lurkers, Zergling Baneling 

Get SALT Encoding   

  12  0:01  Drone  
  13  0:12  Overlord  
  13  0:17  Drone  
  14  0:30  Drone x2  
  14  0:34  Drone  
  17  0:52  Hatchery  
  17  0:55  Drone  
  17  0:57  Extractor  
  17  1:00  Drone  
  17  1:14  Spawning Pool  
  17  1:17  Drone  
  17  1:20  Drone  
  18  1:28  Drone  
  19  1:39  Overlord  
  19  1:49  Drone  
  20  2:01  Metabolic Boost  
  20  2:02  Queen  
  20  2:07  Drone x2  
  24  2:20  Hatchery  
  23  2:24  Drone  
  23  2:25  Drone  
  25  2:33  Queen  
  27  2:37  Drone  
  28  2:45  Baneling Nest, Zergling x2  
  28  2:47  Zergling x2  
  28  2:49  Zergling x2  
  30  2:52  Drone  
  30  2:55  Drone  
  32  2:59  Overlord  
  32  3:11  Drone  
  33  3:13  Drone x2  
  33  3:14  Drone  
  33  3:16  Overlord  
  36  3:21  Zergling x4  
  36  3:42  Zergling x10  
  36  3:45  Baneling x2  
  36  3:46  Baneling x2, Queen  
  43  3:56  Drone x6  
  49  4:12  Extractor  
  49  4:13  Extractor  
  49  4:15  Lair  
  47  4:17  Drone x3  
  47  4:23  Zergling x4  
  47  4:24  Zergling x10  
  56  4:39  Baneling x3  
  56  4:40  Baneling  
  56  4:50  Roach Warren  
  56  4:51  Evolution Chamber  
  54  4:57  Overlord x2  
  54  4:58  Overlord x2  
  54  5:00  Drone x2  
  54  5:01  Drone  
  47  5:29  Drone x2  
  47  5:30  Drone x7  
  47  5:31  Drone x5  
  60  5:42  Roach, Zerg Missile Weapons Level 1  
  64  5:43  Roach x5  
  64  5:45  Glial Reconstitution  
  72  5:52  Zergling x2  
  72  5:53  Zergling x2  
  74  5:57  Baneling  
  74  5:59  Zergling x2  
  74  6:06  Zergling x6  
  75  6:17  Roach x3  
  75  6:18  Roach x4  
  86  6:21  Zergling x4  
  86  6:22  Zergling x2  
  86  6:23  Queen  
  87  6:36  Overlord  
  87  6:37  Extractor, Overlord x2  
  86  6:51  Roach  
  88  7:00  Roach x6  
  97  7:07  Drone x3  
  100  7:08  Overlord x3  
  100  7:11  Drone x2  
  100  7:15  Baneling x3  
  102  7:16  Baneling  
  88  7:42  Roach x5  
  88  7:43  Roach x7  
  100  7:54  Overlord x2, Hydralisk Den  
  100  7:58  Extractor, Roach x3  
  104  7:59  Extractor  
  104  8:00  Roach  
  105  8:14  Zerg Missile Weapons Level 2  
  105  8:15  Zergling x2  
  105  8:16  Zergling x8  
  110  8:20  Drone x3  
  110  8:21  Drone x3  
  116  8:36  Roach  
  116  8:37  Hatchery, Roach x6  
  129  8:44  Overlord  
  120  8:55  Roach  
  122  8:56  Roach  
  121  9:05  Lurker Den, Pneumatized Carapace  
  121  9:06  Roach  
  121  9:07  Roach x3  
  126  9:20  Hatchery  
  126  9:21  Overlord  
  119  9:44  Roach x4  
  119  9:45  Roach x2  
  129  9:57  Hydralisk x2  
  133  10:00  Hydralisk  
  135  10:28  Hydralisk x3  
  135  10:29  Hydralisk x2  
  133  10:42  Roach  
  131  10:43  Roach x3  
  133  10:54  Lurker x2  
  133  10:55  Lurker x4  
  139  10:57  Roach  
  139  11:01  Overseer  
  139  11:03  Overseer  
  89  11:32  Roach  
  91  11:33  Roach x10  
Show
View Real Time Build Order
Export as new Build Order

ADG Zerg - Winner!

Build Orders: Hatch First 

Get SALT Encoding   

  12  0:01  Drone  
  13  0:13  Overlord  
  13  0:16  Drone  
  14  0:31  Drone x2  
  14  0:35  Drone  
  17  0:53  Hatchery  
  17  0:56  Drone  
  17  1:00  Drone  
  18  1:11  Extractor  
  17  1:17  Spawning Pool  
  16  1:19  Drone  
  16  1:22  Drone  
  18  1:31  Drone  
  19  1:39  Overlord  
  19  1:50  Drone  
  20  2:03  Queen  
  20  2:05  Queen, Zergling x2  
  20  2:06  Zergling x2  
  26  2:13  Zergling x2  
  26  2:14  Metabolic Boost  
  27  2:17  Drone  
  28  2:24  Drone  
  28  2:27  Drone  
  30  2:35  Drone  
  31  2:40  Drone  
  32  2:52  Overlord  
  32  2:54  Hatchery  
  31  2:58  Drone x2  
  31  3:02  Drone  
  34  3:08  Baneling Nest, Zergling x2  
  34  3:11  Zergling x2  
  35  3:14  Drone  
  35  3:16  Drone  
  35  3:19  Drone  
  38  3:24  Overlord  
  38  3:27  Drone  
  38  3:29  Drone  
  38  3:30  Drone  
  41  3:44  Drone x6  
  41  3:46  Drone  
  48  3:49  Drone  
  48  3:51  Drone  
  48  3:54  Overlord  
  50  4:00  Drone  
  50  4:01  Drone  
  52  4:03  Extractor  
  52  4:04  Queen  
  52  4:05  Extractor  
  52  4:09  Evolution Chamber  
  51  4:13  Drone x3  
  51  4:15  Drone  
  55  4:18  Queen  
  55  4:22  Zergling x4  
  55  4:23  Zergling x2  
  60  4:24  Baneling  
  60  4:25  Baneling x2  
  60  4:28  Drone x2  
  61  4:33  Overlord, Drone  
  61  4:34  Drone  
  61  4:38  Zergling x2  
  63  4:39  Drone  
  63  4:44  Drone  
  65  4:51  Overlord  
  66  4:52  Drone  
  66  4:53  Lair  
  66  4:55  Zerg Missile Weapons Level 1  
  66  4:56  Drone  
  66  4:59  Roach Warren  
  66  5:12  Zergling x8  
  66  5:13  Zergling x6  
  72  5:15  Baneling x3  
  60  5:29  Zergling x8  
  60  5:30  Queen, Zergling x8  
  67  5:38  Drone x2  
  67  5:41  Spine Crawler, Drone x3  
  71  5:43  Drone  
  71  5:44  Drone  
  73  5:53  Baneling x4  
  73  5:56  Roach x3  
  78  6:14  Roach  
  78  6:15  Roach  
  78  6:16  Overlord x3, Drone  
  81  6:25  Overlord, Zergling x2  
  80  6:26  Overlord  
  80  6:32  Overlord  
  81  6:33  Glial Reconstitution  
  81  6:36  Drone x4  
  81  6:37  Evolution Chamber  
  83  6:49  Roach x6  
  83  6:50  Roach x2  
  99  7:01  Roach x5  
  103  7:02  Roach x3, Zerg Missile Weapons Level 2  
  103  7:06  Zerg Ground Armor Level 1  
  103  7:08  Roach  
  115  7:11  Extractor  
  115  7:13  Roach x2  
  115  7:14  Roach  
  118  7:28  Roach  
  118  7:29  Roach x7  
  124  7:35  Zergling x6  
  125  7:42  Roach x4  
  126  7:50  Roach x2  
  130  8:02  Spine Crawler, Overlord  
  129  8:07  Hatchery  
  129  8:08  Hydralisk Den  
  129  8:09  Drone x3  
  130  8:19  Queen  
  130  8:20  Roach x3  
  138  8:31  Overlord  
  138  8:32  Overlord  
  137  8:45  Queen  
  137  8:51  Zergling x2  
  137  8:52  Zergling x8, Hydralisk x5  
  150  8:55  Grooved Spines  
  150  9:05  Roach x2  
  154  9:12  Overlord  
  154  9:13  Overlord  
  154  9:17  Zerg Ground Armor Level 2  
  154  9:19  Roach x2  
  154  9:20  Roach  
  154  9:23  Overlord  
  160  9:29  Overlord  
  160  9:38  Hydralisk x5  
  147  9:42  Hydralisk  
  159  9:48  Hydralisk x2  
  159  9:51  Drone x2  
  159  9:52  Drone  
  166  9:54  Drone  
  166  9:55  Drone  
  172  10:00  Roach x2  
  172  10:15  Roach x6  
  172  10:16  Roach x2  
  188  10:29  Hydralisk x2  
  190  10:39  Hydralisk x2  
  190  10:40  Hydralisk  
  190  10:48  Hydralisk x3  
  184  10:55  Zergling x2  
  184  10:56  Zergling x14  
  192  10:59  Overlord  
  192  11:07  Hydralisk x2  
  192  11:11  Hydralisk x3  
  170  11:22  Hydralisk  
  170  11:23  Hydralisk  
  170  11:25  Overlord x3  
  164  11:26  Zergling x8  
  164  11:30  Extractor  
  164  11:31  Extractor  
  166  11:35  Ravager  
  166  11:36  Ravager  
  166  11:39  Drone x4  
  173  11:40  Drone  
  170  11:47  Overseer  
  170  11:49  Ravager x2  
Tags
 
Add a new tag
Caveats
  • Supply blocks, unpowered buildings, or Contaminate may cause inaccurate times.
  • Supply counts are checked every 10 seconds.